 Dungeon Crawl Stone Soup version 0.28.0 (webtiles) character file.

Game seed: 652967103689882104

5246 browni3141 the Cleaver (level 10, -7/133 HPs)
             Began as a Minotaur Berserker on Feb 18, 2022.
             Was a Priest of Trog.
             Mangled by a 13-headed hydra (8 damage)
             ... on level 8 of the Dungeon.
             The game lasted 00:04:25 (9935 turns).

browni3141 the Cleaver (Minotaur Berserker)         Turns: 9935, Time: 00:04:25

Health: -7/133     AC: 15    Str: 25    XL:     10   Next: 36%
Magic:  9/9        EV:  5    Int:  4    God:    Trog [***...]
Gold:   388        SH: 14    Dex:  6    Spells: 9/9 levels left

rFire   + . .      SeeInvis +   z - +3 hand axe (freeze)
rCold   . . .      Faith    .   e - +0 tower shield
rNeg    . . .      Spirit   .   l - +0 plate armour
rPois   +          Reflect  .   (helmet restricted)
rElec   +          Harm     .   h - -2 cloak of the Tundras {rElec rPois rF+ Dex-5 SInv}
rCorr   .          Rampage  +   (no gloves)
Will    .....                   i - +1 pair of boots {rampage}
Stlth   ..........              (no amulet)
HPRegen 0.32/turn               (no ring)
MPRegen 0.11/turn               (no ring)

@: berserking (expiring), very quick
A: horns 2, retaliatory headbutt
a: Renounce Religion, Berserk, Trog's Hand


You were on level 8 of the Dungeon.
You worshipped Trog.
Trog was most pleased with you.
You visited 1 branch of the dungeon, and saw 8 of its levels.

You collected 388 gold pieces.


Innate Abilities, Weirdness & Mutations

You have a pair of horns on your head.
You reflexively headbutt those who attack you in melee.


   Skills:
 + Level 8.3 Fighting
 * Level 11.3 Axes
 + Level 8.0 Armour
 - Level 2.1 Dodging
 * Level 10.5 Shields


You had 9 spell levels left.
You didn't know any spells.
Your spell library was empty.

Inventory:

Hand Weapons
 a - a +0 hand axe
 z - a +3 hand axe of freezing (weapon)
Armour
 b - a +0 animal skin
 e - a +0 tower shield (worn)
 h - the -2 cloak of the Tundras (worn) {rElec rPois rF+ Dex-5 SInv}
   (You found it on level 2 of the Dungeon)

   Dex:       It affects your dexterity (-5).
   rF:        It protects you from fire.
   rElec:     It insulates you from electricity.
   rPois:     It protects you from poison.
   SInv:      It lets you see invisible.
 i - a +1 pair of boots of rampaging (worn)
 l - a +0 plate armour (worn)
Jewellery
 I - a +6 ring of intelligence
Wands
 s - a wand of acid (10)
 u - a wand of digging (1)
 B - a wand of paralysis (9)
Scrolls
 d - 14 scrolls of identify {unknown}
 j - 3 scrolls of blinking {unknown}
 k - a scroll of noise {unknown}
 n - 4 scrolls of amnesia {unknown}
 q - a scroll of brand weapon {unknown}
 t - a scroll of summoning {unknown}
 v - 3 scrolls of fog {unknown}
 x - 2 scrolls of enchant weapon {unknown}
 y - a scroll of teleportation {unknown}
Potions
 c - 5 potions of curing {unknown}
 f - 2 potions of heal wounds {unknown}
 g - 3 potions of degeneration {unknown}
 m - a potion of invisibility {unknown}
 o - a potion of mutation {unknown}
 p - 2 potions of might {unknown}
 r - a potion of resistance {unknown}
 w - a potion of lignification {unknown}
 A - a potion of cancellation {unknown}

Dungeon Overview and Level Annotations

Branches:
Dungeon (8/15)             Temple (0/1) D:4
   Lair: D:8-11

Altars:
Gozag
Hepliaklqana
Okawaru
Uskayaw
Wu Jian
Yredelemnul
Zin
The Shining One

Shops:
D:3 [   D:5 (
D:7 [( #..#.##...#¦♣♣ ♣♣.♣.♣.♣♣ ♣♣¦.... #.##.#..### ♣♣..)♣♣ ¦.... #.##.¦ ¦¦ ¦¦.¦¦ ¦¦¦¦¦

##..#.¦
♣♣♣♣♣♣♣.♣♣♣♣♣♣♣¦.♣.♣
......¦
♣.............♣¦♣.♣.
##....¦
♣.♣♣♣♣♣♣♣♣♣♣♣.♣¦.♣.♣
.#....¦ ♣.. ♣.♣¦♣.♣.
......¦ ♣D♣ ♣.♣¦.♣.♣
..#...¦ ♣@♣ ♣.♣¦♣.♣.
.###..¦ ♣.♣ ♣.♣¦♣♣.♣
.###.... ♣.♣
♣...)).. ......¦♣.
♣.♣ ♣.♣¦♣♣.♣ ...#..¦
♣ ♣.♣ ♣.♣¦♣.♣.
...#..¦
♣.♣♣♣♣♣♣♣♣♣.♣¦.♣.♣
......¦
♣...........♣¦♣.♣.
......¦
♣♣♣♣♣♣♣♣♣♣♣♣♣¦.♣.♣
......¦ ¦♣.♣.


You could see a 13-headed hydra (slow).


Message History

* * * LOW HITPOINT WARNING * * *
The 11-headed hydra bites you!
* * * LOW HITPOINT WARNING * * *
The 11-headed hydra bites you but does no damage. x2
You block the 11-headed hydra's attack.
The 11-headed hydra bites you but does no damage. x2
You block the 11-headed hydra's attack.
The 11-headed hydra bites you but does no damage.
You chop one of the 11-headed hydra's heads off!
The ten-headed hydra grows two more!
You slash the 12-headed hydra!
The 12-headed hydra seems to slow down.
You freeze the 12-headed hydra.
The 12-headed hydra is almost dead.
You hack one of the 12-headed hydra's heads off!
The 11-headed hydra grows two more!
You slash the 13-headed hydra! You freeze the 13-headed hydra.
The 13-headed hydra is almost dead.
You block the 13-headed hydra's attack.
The 13-headed hydra bites you but does no damage.
You block the 13-headed hydra's attack. The 13-headed hydra bites you!
* * * LOW HITPOINT WARNING * * *
The 13-headed hydra bites you but does no damage.
The 13-headed hydra bites you!
* * * LOW HITPOINT WARNING * * *
The 13-headed hydra bites you!
* * * LOW HITPOINT WARNING * * *
The 13-headed hydra bites you but does no damage. x2
You block the 13-headed hydra's attack. The 13-headed hydra bites you!
* * * LOW HITPOINT WARNING * * *
The 13-headed hydra bites you!
You die...

Skill      XL: |  1  2  3  4  5  6  7  8  9 10 |
---------------+-------------------------------+-----
Axes           | 4 5 6 7 9 10 11 | 11.3
Fighting       | 4 5 6 7 8 |  8.3
Armour         | 3 4 5 6 7 8 |  8.0
Shields        | 1 2 3 4 6 7 9 10 | 10.5
Dodging        | |  2.1

Action                   |  1- 3 |  4- 6 |  7- 9 | 10-12 || total
-------------------------+-------+-------+-------+-------++-------
Melee: Hand axe          |    69 |   110 |   263 |    83 ||   525
       Headbutt          |    10 |    18 |    57 |     9 ||    94
       Punch             |       |     1 |     1 |       ||     2
Invok: Berserk           |       |     3 |    12 |     3 ||    18
       Trog's Hand       |       |       |     1 |       ||     1
Armor: Animal skin       |     8 |     6 |       |       ||    14
       Plate armour      |       |    68 |   174 |    42 ||   284
Dodge: Dodged            |    55 |    43 |    68 |    15 ||   181
Block: Tower shield      |       |       |    33 |    64 ||    97

Levels and vault maps discovered:
D:1:      minmay_arrival_semitransparent, layout_basic,
          hellmonk_ecumenical_altar_lost_god, chequers_serial_rivers_micro_d
D:2:      layout_rooms, grunt_decor_cap
D:3:      layout_loops_ring, lemuel_doored_altar, serial_shops,
          nicolae_square_shop, st_stairs_13, grunt_ministairs_15
D:4:      layout_loops_ring, tso_altar, worldfamousw_hep_ancestral_shrine,
          temple_statues, uniq_eustachio
D:5:      layout_cave_pods, pdpol_temple_overflow_zin_treasury_gozag_greed,
          serial_shops, shop, grunt_ministairs_11, nrook_mini_backslash
D:6:      layout_basic, nzn_wu_jian_council_hall, uniq_prince_ribbit1,
          uniq_grinder
D:7:      layout_cave_pods, serial_glass, glass_columns_c, glass_columns_c,
          serial_shops, nicolae_shop_behind_doors, shop, minmay_mini_ossuary
D:8:      nzn_winding_woodlands_cross [nzn_winding_woodlands_5x15_parted,
          nzn_winding_woodlands_5x15_sawtooth,
          nzn_winding_woodlands_5x15_zeroes,
          nzn_winding_woodlands_5x15_split_checker,
          nzn_winding_woodlands_15x15_boxy_spiral], layout_cave_pools,
          mainiacjoe_overflow_alcove_1, mainiacjoe_overflow_catch_the_wave,
          david_lair_shrubbed, nicolae_elevator_lobby_plus

Notes
Turn   | Place    | Note
-------+----------+-------------------------------------------
     0 | D:1      | browni3141 the Minotaur Berserker began the quest for the
                  | Orb.
     0 | D:1      | Reached XP level 1. HP: 19/19 MP: 0/0
    37 | D:1      | Found a faded altar of an unknown god.
   206 | D:1      | You fall into a shaft and drop 1 floor!
   259 | D:2      | Reached skill level 4 in Axes
   260 | D:2      | Reached XP level 2. HP: 27/27 MP: 1/1
   541 | D:1      | Reached skill level 4 in Fighting
   659 | D:1      | Reached ** piety under Trog
   661 | D:1      | Reached skill level 3 in Armour
   704 | D:1      | Reached XP level 3. HP: 33/33 MP: 2/2
   881 | D:2      | Reached skill level 1 in Shields
  1179 | D:2      | Identified the -2 cloak of the Tundras {rElec rPois rF+
                  | Dex-5 SInv}
  1383 | D:2      | Reached XP level 4. HP: 40/40 MP: 3/3
  1550 | D:3      | Found an iron altar of Okawaru.
  1595 | D:3      | Reached skill level 5 in Axes
  1595 | D:3      | Reached skill level 2 in Shields
  2237 | D:3      | Reached XP level 5. HP: 45/47 MP: 4/4
  2372 | D:3      | Found Akiuwnea's Antique Armour Shop.
  2693 | D:4      | Reached *** piety under Trog
  2728 | D:4      | Found a glowing golden altar of the Shining One.
  2837 | D:4      | Reached skill level 3 in Shields
  2868 | D:4      | Noticed a black bear
  2884 | D:4      | Killed a black bear
  2885 | D:4      | Reached skill level 4 in Armour
  2885 | D:4      | Reached XP level 6. HP: 13/53 MP: 5/5
  3150 | D:4      | Reached skill level 6 in Axes
  3179 | D:4      | Reached skill level 4 in Shields
  3382 | D:4      | Found a staircase to the Ecumenical Temple.
  3467 | D:4      | Noticed Eustachio
  3484 | D:4      | Killed Eustachio
  3485 | D:4      | Reached skill level 5 in Fighting
  3485 | D:4      | Reached XP level 7. HP: 40/61 MP: 6/6
  3748 | D:4      | Reached skill level 5 in Shields
  3754 | D:4      | Reached skill level 7 in Axes
  4062 | D:4      | Found a hazy altar of Hepliaklqana.
  4205 | D:5      | Entered Level 5 of the Dungeon
  4417 | D:5      | HP: 4/91 [ogre (22)]
  4420 | D:5      | Reached skill level 5 in Armour
  4420 | D:5      | Reached skill level 6 in Shields
  4420 | D:5      | Reached XP level 8. HP: 5/70 MP: 7/7
  4900 | D:5      | Reached skill level 6 in Fighting
  4902 | D:5      | Reached skill level 8 in Axes
  5404 | D:5      | Found Kohaxt's Weapon Emporium.
  5558 | D:5      | Found an opulent altar of Gozag.
  5588 | D:5      | Found a glowing silver altar of Zin.
  5898 | D:6      | Noticed Grinder
  5899 | D:6      | Noticed Prince Ribbit
  5908 | D:6      | Killed Grinder
  5909 | D:6      | Reached skill level 6 in Armour
  5909 | D:6      | Reached skill level 7 in Shields
  5912 | D:6      | Killed Prince Ribbit
  5913 | D:6      | Reached skill level 9 in Axes
  6069 | D:6      | Reached XP level 9. HP: 77/78 MP: 8/8
  6182 | D:6      | Reached skill level 8 in Shields
  6286 | D:6      | Reached skill level 7 in Fighting
  7163 | D:6      | Found an ornate altar of the Wu Jian Council.
  7706 | D:7      | Reached skill level 10 in Axes
  7933 | D:7      | Reached skill level 7 in Armour
  7933 | D:7      | Reached skill level 9 in Shields
  8561 | D:7      | Found Ickurchov's Antique Weapon Shop.
  8884 | D:7      | Found Kenn's Antique Armour Shop.
  8952 | D:7      | Noticed a manticore
  8961 | D:7      | Killed a manticore
  8962 | D:7      | Reached XP level 10. HP: 88/88 MP: 9/9
  9389 | D:8      | Found a hide-covered altar of Uskayaw.
  9426 | D:8      | Reached skill level 8 in Fighting
  9507 | D:8      | Reached skill level 10 in Shields
  9516 | D:8      | Found a basalt altar of Yredelemnul.
  9559 | D:8      | Reached skill level 11 in Axes
  9861 | D:8      | Reached skill level 8 in Armour
  9923 | D:8      | Noticed a six-headed hydra
  9935 | D:8      | HP: 12/133 [13-headed hydra (8)]
  9935 | D:8      | HP: 1/133 [13-headed hydra (11)]
  9935 | D:8      | Mangled by a 13-headed hydra

Vanquished Creatures
  A manticore (D:7)
  Prince Ribbit (D:6)
  A slime creature (D:8)
  Grinder (D:6)
  Eustachio (D:4)
  2 steam dragons
  An acid dragon (D:8)
  2 ice beasts
  3 black bears
  3 orc warriors (D:8)
  2 sky beasts
  7 ogres
  A necrophage (D:8)
  2 centaurs (D:6)
  3 bullfrogs
  A scorpion (D:5)
  2 water moccasin skeletons
  2 water moccasin zombies (D:6)
  A wyvern skeleton (D:6)
  12 wights
  3 howler monkeys
  3 centaur zombies
  6 hounds
  2 jellies (D:6)
  2 orc priests
  A bullfrog skeleton (D:5)
  A centaur skeleton (D:7)
  3 iguanas
  A scorpion zombie (D:5)
  6 orc wizards
  A howler monkey zombie (D:6)
  A howler monkey skeleton (D:5)
  9 adders
  2 adder skeletons (D:4)
  5 dart slugs
  18 orcs
  5 ball pythons
  6 endoplasms
  3 giant cockroaches
  6 goblins
  7 hobgoblins
  4 jackals (D:2)
  12 kobolds
  4 quokkas
  6 bats
  2 frilled lizards (D:1)
  2 hobgoblin zombies (D:7)
  A kobold zombie (D:7)
  An orc zombie (D:7)
  3 rats (D:1)
175 creatures vanquished.

Table legend: (Time is in decaauts)
 A = Elapsed time spent in this place.
 B = Non-inter-level travel time spent in this place.
 C = Inter-level travel time spent in this place.
 D = Time resting spent in this place.
 E = Time spent auto-exploring this place.
 F = Levels seen in this place.
 G = Mean time per level.
                   A        B        C        D        E       F      G
               +--------+--------+--------+--------+--------+-----+--------+
         Total |  10077 |   9905 |    172 |   3045 |   5685 |   8 | 1259.6 |
       Dungeon |  10077 |   9905 |    172 |   3045 |   5685 |   8 | 1259.6 |
               +--------+--------+--------+--------+--------+-----+--------+

Top non-repeatable levels by time:
     D:6: 1797 daAuts
     D:7: 1743 daAuts
     D:5: 1671 daAuts
     D:4: 1608 daAuts
     D:3: 1085 daAuts
     D:1: 785 daAuts
     D:2: 766 daAuts
     D:8: 620 daAuts

Table legend:
 A = Non-vault XP
 B = Vault XP
 C = Vault XP percentage of total XP
 D = Non-vault monster count
 E = Vault monster count
 F = Vault count percentage of total count
                 A         B        C        D         E       F
            +---------+---------+-------+---------+---------+-------
      Total |    5335 |    2160 |  28.8 |     151 |      24 |  13.7
            +---------+---------+-------+---------+---------+-------
        D:1 |      41 |       0 |   0.0 |      24 |       0 |   0.0
        D:2 |      63 |       0 |   0.0 |      20 |       0 |   0.0
        D:3 |      72 |      31 |  30.1 |      14 |       4 |  22.2
        D:4 |     659 |     208 |  24.0 |      24 |       1 |   4.0
        D:5 |     559 |     234 |  29.5 |      11 |       2 |  15.4
        D:6 |    1343 |     586 |  30.4 |      21 |       2 |   8.7
        D:7 |    1970 |       4 |   0.2 |      21 |       4 |  16.0
        D:8 |     628 |    1097 |  63.6 |      16 |      11 |  40.7
            +---------+---------+-------+---------+---------+-------
